 Dungeon Crawl Stone Soup version 0.23-a0-78-gc252fe1 (webtiles) character file.

232 tilp the Chiller (level 6, -5/43 HPs)
             Began as a Merfolk Ice Elementalist on Aug 10, 2018.
             Slain by an ogre
             ... wielding a +0 giant spiked club
              (29 damage)
             ... on level 3 of the Dungeon.
             The game lasted 00:07:56 (3105 turns).

tilp the Chiller (Merfolk Ice Elementalist)         Turns: 3105, Time: 00:07:56

Health: -5/43      AC: 10    Str:  8    XL:     6   Next: 4%
Magic:  3/9        EV: 13    Int: 17    God:
Gold:   53         SH:  0    Dex: 14    Spells: 3/9 levels left

rFire    + . .     SeeInvis .   b - +0 spear
rCold    . . .     Gourm    .   (no shield)
rNeg     . . .     Faith    .   s - +2 robe {rF+}
rPois    .         Spirit   .   i - +0 helmet
rElec    .         Reflect  .   (no cloak)
rCorr    .         Harm     .   (no gloves)
MR       .....                  (no boots)
Stlth    ++........             (no amulet)
HPRegen  0.14/turn              (no ring)
MPRegen  0.11/turn              (no ring)

@: icy armour
A: change form in water, swift swim, stealthy swim
a: no special abilities


You were on level 3 of the Dungeon.
You were not hungry.

You visited 1 branch of the dungeon, and saw 3 of its levels.

You collected 53 gold pieces.

Inventory:

Hand Weapons
 b - a +0 spear (weapon)
Missiles
 h - 76 stones (quivered)
Armour
 i - a +0 helmet (worn)
 s - a +2 robe of fire resistance (worn)
Jewellery
 a - an uncursed amulet of rage {unknown}
 n - a cursed ring of attention {unknown}
 r - an uncursed amulet of the gourmand {unknown}
Scrolls
 e - 2 scrolls of enchant weapon
 l - a scroll of identify {unknown}
 o - 3 scrolls of remove curse
 p - a scroll of magic mapping
Potions
 d - 2 potions of flight {unknown}
 f - a potion of curing {unknown}
 j - a potion of brilliance {unknown}
 k - 2 potions of might {unknown}
 m - a potion of lignification {unknown}
 q - a potion of agility {unknown}
Comestibles
 c - 8 rations
 g - 7 chunks of flesh


   Skills:
 + Level 1.4 Fighting
 * Level 3.1 Polearms
 + Level 3.4 Dodging
 - Level 2.1 Stealth
 - Level 2.0 Spellcasting
 - Level 0.7 Conjurations
 - Level 6.1 Ice Magic


You had 3 spell levels left.
You knew the following spells:

 Your Spells              Type           Power        Failure   Level  Hunger
a - Freeze                Ice            ###.         1%          1    #......
b - Throw Frost           Conj/Ice       ##....       7%          2    ###....
c - Ozocubu's Armour      Chrm/Ice       ##......     17%         3    ###....

Your spell library contained the following spells:

 Spells                   Type           Power        Failure   Level  Hunger
 Summon Ice Beast         Ice/Summ       ##......     50%         4    #####..
 Throw Icicle             Conj/Ice       ##......     43%         4    #####..


Dungeon Overview and Level Annotations

Branches:
Dungeon (3/15)

Altars:
Ru


Message History

The ogre is moderately wounded.
The ogre hits you with a giant spiked club!!
Casting: Freeze (safe; 1% risk of failure)
Confirm with . or Enter, or press ? or * to list all spells.
Aiming: Freeze (safe; 1% risk of failure)
Press: ? - help, Shift-Dir - straight line, f/p - ogre
Aim: an ogre, wielding a giant spiked club (moderately wounded)
You freeze the ogre.
The ogre is moderately wounded.
The ogre closely misses you.
Casting: Freeze (safe; 1% risk of failure)
Confirm with . or Enter, or press ? or * to list all spells.
Aiming: Freeze (safe; 1% risk of failure)
Press: ? - help, Shift-Dir - straight line, f/p - ogre
Aim: an ogre, wielding a giant spiked club (moderately wounded)
You freeze the ogre.
The ogre is heavily wounded.
The ogre hits you with a giant spiked club!!
Ouch! That really hurt!
You die...

.......# #....####.# #
.......#####..# #.## .#
.......#...#.)# #..####.####
............#.# ##.........#
..............# ##........#
.............## ###........#
.............# ##>.........#
.....(......#####..#.########
.............#sO@.##.#
####..........g#####.#
####.#[.......## ##.###
.............### #......
.....####......##.......
.###....#....#.O.s......
.###.##.#..#####........
.##...#.#..# #.g......
...._......# #........


You could see an ogre, a giant cockroach and a hobgoblin.

Vanquished Creatures
  A scorpion (D:2)
  2 orc wizards (D:2)
  A hound skeleton (D:2)
  Robin (D:2)
  2 adders (D:2)
  2 worms
  A dart slug (D:2)
  4 leopard geckos
  5 orcs (D:3)
  2 ball pythons
  2 giant cockroaches
  12 goblins
  8 hobgoblins
  4 jackals (D:3)
  A quokka (D:2)
  10 bats
  3 frilled lizards
  8 kobolds
  8 rats
77 creatures vanquished.

Vanquished Creatures (others)
  A hobgoblin (D:2)
1 creature vanquished.

Grand Total: 78 creatures vanquished

Notes
Turn   | Place    | Note
-------+----------+-------------------------------------------
     0 | D:1      | tilp the Merfolk Ice Elementalist began the quest for the Orb.
     0 | D:1      | Reached XP level 1. HP: 13/13 MP: 3/3
   657 | D:1      | Reached XP level 2. HP: 17/19 MP: 0/5
   661 | D:1      | Learned a level 2 spell: Throw Frost
   681 | D:1      | Reached skill level 4 in Ice Magic
  1276 | D:2      | Noticed Robin
  1293 | D:2      | Reached XP level 3. HP: 20/24 MP: 0/6
  1300 | D:1      | Learned a level 3 spell: Ozocubu's Armour
  1371 | D:2      | Killed Robin
  1491 | D:2      | Reached skill level 5 in Ice Magic
  1594 | D:2      | Reached XP level 4. HP: 30/30 MP: 3/7
  1663 | D:2      | Reached skill level 6 in Ice Magic
  1663 | D:2      | Reached XP level 5. HP: 7/35 MP: 2/8
  2062 | D:2      | Found a faded altar of an unknown god.
  2393 | D:2      | Reached skill level 1 in Polearms
  2675 | D:2      | Reached skill level 1 in Fighting
  2856 | D:3      | Reached XP level 6. HP: 35/43 MP: 9/9
  2930 | D:3      | Found a sacrificial altar of Ru.
  3105 | D:3      | Slain by an ogre

Vault maps used:
D:1:      minmay_arrival_radiant_lines
D:2:      chequers_ecumenical_altar_twisty, uniq_robin
D:3:      nicolae_overflow_crystal_walls, first_ration, uniq_grinder

Skill      XL: |  1  2  3  4  5 |
---------------+----------------+-----
Ice Magic      | 4 5 6 |  6.1
Polearms       | 3 |  3.1
Dodging        | 3 |  3.4
Fighting       | 1 |  1.4
Stealth        | |  2.1
Spellcasting   | |  2.0
Conjurations   | |  0.7

Action                   |  1- 3 |  4- 6 || total
-------------------------+-------+-------++-------
Melee: Unarmed           |    15 |       ||    15
       Spear             |     4 |    90 ||    94
       Whip              |     2 |       ||     2
Throw: Stone             |     1 |       ||     1
 Cast: Freeze            |    52 |    50 ||   102
       Throw Frost       |       |     2 ||     2
       Ozocubu's Armour  |       |     1 ||     1
  Use: Scroll            |     6 |       ||     6
 Stab: Sleeping          |       |    10 ||    10
  Eat: Chunk             |     3 |     6 ||     9
Armor: Robe              |    12 |    24 ||    36
Dodge: Dodged            |    50 |    91 ||   141

Table legend:
 A = Non-vault XP
 B = Vault XP
 C = Vault XP percentage of total XP
 D = Non-vault monster count
 E = Vault monster count
 F = Vault count percentage of total count
 G = Total turns spent on level
                 A         B        C        D         E       F
            +---------+---------+-------+---------+---------+-------
      Total |     301 |      31 |   9.3 |      68 |       9 |  11.7
            +---------+---------+-------+---------+---------+-------
        D:1 |      19 |       0 |   0.0 |      14 |       0 |   0.0
        D:2 |     234 |      31 |  11.7 |      30 |       9 |  23.1
        D:3 |      48 |       0 |   0.0 |      24 |       0 |   0.0
            +---------+---------+-------+---------+---------+-------
